 Dungeon Crawl Stone Soup version 0.30.0-29-ga12c61a403 (webtiles) character file.

Game seed: 13721607379292611326

24302 Tirrikindir the Spear-Bearer (level 13, -1/88 HPs)
             Began as a Gargoyle Berserker on June 17, 2023.
             Was a High Priest of Trog.
             Slain by a death knight
             ... wielding a +4 halberd
              (21 damage)
             ... on level 12 of the Dungeon on June 18, 2023.
             The game lasted 00:42:15 (11357 turns).

Tirrikindir the Spear-Bearer (Gargoyle Berserker)  Turns: 11357, Time: 00:42:16

Health: -1/88      AC: 30    Str: 24    XL:     13   Next: 12%
Magic:  13/13      EV: 15    Int:  5    God:    Trog [*****.]
Gold:   1058       SH:  0    Dex: 22    Spells: 12/12 levels left

rFire   . . .        w - +1 glaive "Globulus" {flame, Str+3 Int-4 Dex+9}
rCold   . . .        (shield currently unavailable)
rNeg    + . .        n - +0 plate armour
rPois   ∞            m - +0 helmet
rElec   +            v - +1 cloak of Starlight {*Dazzle EV+4 Stlth--}
rCorr   .            (no gloves)
SInv    .            g - +0 pair of boots
Will    +....        p - amulet of faith Stlth
                     h - ring of flight
HPRegen 0.34/turn    J - ring of willpower
MPRegen 0.13/turn

%: faith
@: on berserk cooldown, flying, slowed, studying Fighting, very slow
A: sickness immunity, AC +9, negative energy resistance 1, electricity
resistance, torment resistance 1, petrification resistance
a: Renounce Religion, Berserk, Trog's Hand, Brothers in Arms


You were on level 12 of the Dungeon.
You worshipped Trog.
Trog was extremely pleased with you.
You visited 2 branches of the dungeon, and saw 13 of its levels.
You also visited: Bailey and Gauntlet.

You collected 1100 gold pieces.
You spent 42 gold pieces at shops.

Inventory:

Hand Weapons
 j - a +5 trident
 w - the +1 glaive "Globulus" (weapon) {flame, Str+3 Int-4 Dex+9}
   (You acquired it in a bailey)

   Str:       It affects your strength (+3).
   Int:       It affects your intelligence (-4).
   Dex:       It affects your dexterity (+9).
Missiles
 e - 45 poisoned darts (quivered)
 k - 2 throwing nets
Armour
 g - a +0 pair of boots (worn)
 m - a +0 helmet (worn)
 n - a +0 plate armour (worn)
 v - the +1 cloak of Starlight (worn) {*Dazzle EV+4 Stlth--}
   (You acquired it in a bailey)

   *Dazzle:   It may blind those who miss an attack against the wearer in melee
   combat.
   EV:        It affects your evasion (+4).
   Stlth:     It makes you much less stealthy.
 K - a +1 ring mail of cold resistance
Jewellery
 h - a ring of flight (left hand)
 p - an amulet of faith (around neck)
 z - an amulet of magic regeneration
 D - the amulet "Locyeloco" {Fragile rF+ rN+ Regen+}
   (You found it on level 8 of the Dungeon)

   [amulet of regeneration]

   rF:        It protects you from fire.
   rN:        It protects you from negative energy.
   Regen:     It increases your rate of health regeneration.
   Fragile:   It will be destroyed if unequipped.
 J - a ring of willpower (right hand)
Wands
 s - a wand of flame (37)
 t - a wand of paralysis (20)
Scrolls
 b - 7 scrolls of teleportation
 c - 3 scrolls of enchant weapon
 o - a scroll of silence
 r - 4 scrolls of blinking
 u - 5 scrolls of fear
 y - 3 scrolls of poison
 A - 2 scrolls of fog
 E - a scroll of enchant armour
 G - a scroll of magic mapping
Potions
 a - 2 potions of ambrosia
 d - 3 potions of magic
 f - a potion of cancellation
 i - 3 potions of curing
 l - a potion of flight
 q - a potion of heal wounds
 x - 2 potions of haste
 B - a potion of mutation
 C - 2 potions of invisibility
 F - a potion of lignification {unknown}
 H - a potion of might {unknown}
Miscellaneous
 I - a condenser vane
 L - a phantom mirror


   Skills:
 * Level 13.0 Fighting
 - Level 5.6 Maces & Flails
 * Level 14.0 Polearms
 * Level 11.7 Armour
 - Level 6.0 Dodging
 + Level 7.1 Evocations


You had 12 spell levels left.
You didn't know any spells.
Your spell library was empty.

Dungeon Overview and Level Annotations

Branches:
Dungeon (12/15)            Temple (1/1) D:6            Lair (0/5) D:8
    Orc (0/2) D:12         Bailey (visited)         Gauntlet (visited)

Altars:
Ashenzari
Cheibriados
Dithmenos
Elyvilon
Fedhas
Gozag
Hepliaklqana
Kikubaaqudgha
Makhleb
Nemelex Xobeh
Okawaru
Qazlal
Ru
Sif Muna
Trog
Uskayaw
Vehumet
Wu Jian
Xom
Yredelemnul
Zin
The Shining One

Shops:
D:1 :   D:4 [   D:5 [!   D:11 :

Annotations:
D:12 3 runed translucent doors, NotreDorf's ghost, journeyman MfHW


Innate Abilities, Weirdness & Mutations

You are immune to sickness and miasma.
Your stone body is resilient. (AC +9)
You are immune to poison.
You resist negative energy. (rN+)
You are resistant to electric shocks. (rElec)
You are resistant to unholy torment.
You are immune to petrification.


Message History

A death knight is nearby!
The death knight hits you from afar with a +4 halberd!!
There is an open door, spattered with blood here.
Things that are here:
a +0 robe; a +0 dagger; a human corpse A red film seems to cover your vision as you go berserk!
You feel yourself moving faster!
You feel mighty!
The death knight hits you from afar with a +4 halberd!
You feel a strong urge to attack something.
You feel your anger nearly subside.
You are no longer berserk.
You are exhausted.
You feel yourself slow down. The death knight closely misses you.
The death knight is temporarily struck blind!
The death knight closely misses you.
You strike the helpless death knight from behind!
You slice the death knight!! You burn the death knight!
The death knight is moderately wounded.
The death knight hits you but does no damage. x2
The death knight barely misses you.
The death knight hits you from afar with a +4 halberd!
You slice the death knight!! You burn the death knight.
The death knight is severely wounded.
The death knight closely misses you.
The death knight hits you but does no damage.
The death knight hits you with a +0 morningstar.
The death knight hits you from afar with a +4 halberd!
You completely miss the death knight.
The death knight is severely wounded.
The death knight is no longer blind.
The death knight offers itself to Yredelemnul, and fills with unholy energy.
The death knight hits you from afar with a +4 halberd!
You hit the death knight. You burn the death knight.
The death knight is severely wounded.
The death knight reflects your damage back at you!
The death knight closely misses you.
The death knight offers itself to Yredelemnul, and fills with unholy energy.
The death knight hits you with a +0 morningstar!
* * * LOW HITPOINT WARNING * * *
The death knight hits you from afar with a +4 halberd!!
You die...

*,,,,,..................[........
,,,,,,,..........................
,,,,,,,,.........................
****#,,,~≈≈≈≈............Z≈≈≈≈≈..
#..~~###≈≈..≈8...8≈..≈≈###≈≈.
#..≈##.##≈≈≈≈#'''#≈≈≈≈##.##≈.
#..≈#.<.######...######.<.#≈.
#.|≈##..#.............#..##≈.
#.,~~###[.p.@.........'###≈≈.
*,,,~~#.....p...........#≈≈..
*,,,~~#.................#≈≈..
*,,,~~#########_#########≈≈..
******* ### #####


You could see 2 death knights.

Vanquished Creatures
  A quicksilver ooze (Gauntlet)
  Nessos (D:12)
  An apis (D:12)
  A minotaur (Gauntlet)
  Snorg (D:11)
  A centaur warrior (D:12)
  A two-headed ogre (D:12)
  5 death yaks (D:8)
  Pikel (D:8)
  A necromancer (D:12)
  A manticore (D:12)
  An orc knight (Bailey)
  An orc sorcerer (Bailey)
  An ugly thing (D:11)
  A moth of wrath (Gauntlet)
  A centaur skeleton (D:12)
  A gargoyle (D:12)
  2 freezing wraiths
  An unseen horror (D:12)
  Psyche (D:8)
  3 kobold demonologists
  A komodo dragon (D:11)
  4 hornets
  Prince Ribbit (D:5)
  A meliai zombie (D:12)
  4 slime creatures (D:12)
  3 wraiths
  2 wyverns (D:9)
  A shadow (D:9)
  11 yaks
  A basilisk (D:12)
  5 vampire mosquitoes (D:12)
  4 redbacks (Gauntlet)
  Menkaure (D:5)
  2 acid dragons
  3 swamp worms (Gauntlet)
  3 water moccasins
  An ice beast (D:6)
  12 orc warriors
  3 sky beasts
  2 black bears
  An ogre (D:5)
  A lemure (D:8)
  3 centaurs
  2 phantoms
  4 kobold brigands
  3 bullfrogs
  A scorpion (D:4)
  5 wights (D:7)
  11 killer bees
  2 howler monkeys (D:11)
  5 electric eels (Bailey)
  5 orc priests
  A jelly (D:5)
  A gnoll bouda (D:5)
  6 hounds
  3 iron imps (D:5)
  2 iguanas
  3 sleepcaps
  8 orc wizards
  Natasha (thrice) (D:3)
  3 gnolls (Bailey)
  12 adders
  2 shadow imps
  A white imp (D:7)
  An ufetubus (D:6)
  2 worms (D:4)
  3 dart slugs
  35 orcs
  3 bats
  7 endoplasms
  A giant cockroach (D:3)
  10 goblins
  17 hobgoblins
  17 jackals
  23 kobolds
  3 quokkas
  10 ball pythons
  2 frilled lizards (D:1)
  3 rats
318 creatures vanquished.

Vanquished Creatures (others)
  An orc (D:8)
1 creature vanquished.

Grand Total: 319 creatures vanquished

Notes
Turn   | Place    | Note
-------+----------+-------------------------------------------
     0 | D:1      | Tirrikindir the Gargoyle Berserker began the quest for the
                  | Orb.
     0 | D:1      | Reached XP level 1. HP: 14/14 MP: 1/1
    86 | D:1      | Reached XP level 2. HP: 13/19 MP: 2/2
   434 | D:1      | Reached XP level 3. HP: 20/23 MP: 3/3
   525 | D:1      | Reached ** piety under Trog
   528 | D:1      | Found Geisehix's Book Shoppe.
  1294 | D:2      | Reached XP level 4. HP: 29/29 MP: 4/4
  1902 | D:3      | Noticed Natasha
  1930 | D:3      | Killed Natasha
  1931 | D:3      | Reached XP level 5. HP: 27/33 MP: 5/5
  2113 | D:3      | Noticed Natasha
  2137 | D:3      | Killed Natasha
  2175 | D:3      | Reached *** piety under Trog
  2286 | D:3      | Noticed Natasha
  2298 | D:3      | Killed Natasha
  2299 | D:3      | Reached XP level 6. HP: 27/38 MP: 6/6
  2786 | D:4      | Reached skill level 5 in Maces & Flails
  2970 | D:4      | Noticed a black bear
  2987 | D:4      | Killed a black bear
  2988 | D:4      | Reached XP level 7. HP: 38/44 MP: 7/7
  3079 | D:4      | Found Woesiul's Armour Boutique.
  3188 | D:4      | Identified a scroll of acquirement
  3189 | D:4      | Acquired a manual of Polearms
  3638 | D:5      | Entered Level 5 of the Dungeon
  3639 | D:5      | Found Qiptemeg's Distillery.
  3648 | D:5      | Reached skill level 1 in Polearms
  3648 | D:5      | Reached skill level 5 in Armour
  3651 | D:5      | Reached skill level 5 in Fighting
  3661 | D:5      | Bought a potion of curing for 42 gold pieces
  3664 | D:5      | Found Qalaen's Armour Shop.
  3744 | D:5      | Found a burning altar of Makhleb.
  3764 | D:5      | Reached skill level 2 in Polearms
  3835 | D:5      | Reached skill level 3 in Polearms
  3835 | D:5      | Reached XP level 8. HP: 49/49 MP: 8/8
  3911 | D:5      | Found an ornate altar of the Wu Jian Council.
  3912 | D:5      | Found a broken altar of Ashenzari.
  3954 | D:5      | Noticed Menkaure
  3961 | D:5      | Killed Menkaure
  3962 | D:5      | Reached skill level 4 in Polearms
  3968 | D:5      | Reached skill level 5 in Polearms
  3997 | D:5      | Reached **** piety under Trog
  4052 | D:5      | Noticed Prince Ribbit
  4064 | D:5      | Reached skill level 6 in Polearms
  4096 | D:5      | Killed Prince Ribbit
  4097 | D:5      | Reached skill level 7 in Polearms
  4185 | D:5      | Reached skill level 8 in Polearms
  4185 | D:5      | Reached XP level 9. HP: 31/54 MP: 9/9
  4450 | D:6      | Reached skill level 9 in Polearms
  4513 | D:6      | Found a basalt altar of Yredelemnul.
  4884 | D:6      | Found a staircase to the Ecumenical Temple.
  4909 | Temple   | Entered the Ecumenical Temple
  5323 | D:6      | Reached skill level 1 in Evocations
  5328 | D:6      | Reached skill level 10 in Polearms
  5841 | D:7      | Found a flagged portal.
  5850 | Bailey   | Entered a bailey
  5889 | Bailey   | Acquired 558 gold pieces
  5891 | Bailey   | Acquired the +1 glaive "Globulus" {flame, Str+3 Int-4
                  | Dex+9}
  5893 | Bailey   | Acquired the +1 cloak of Starlight {*Dazzle EV+4 Stlth--}
  5893 | Bailey   | Found the +1 cloak of Starlight {*Dazzle EV+4 Stlth--}
  5959 | Bailey   | Noticed an orc knight
  5974 | Bailey   | Killed an orc knight
  5975 | Bailey   | Reached XP level 10. HP: 33/60 MP: 10/10
  6323 | Bailey   | Reached skill level 11 in Polearms
  6383 | Bailey   | Found an iron altar of Okawaru.
  6383 | Bailey   | Noticed an orc sorcerer
  6383 | Bailey   | Noticed a kobold demonologist
  6391 | Bailey   | Killed an orc sorcerer
  6395 | Bailey   | Killed a kobold demonologist
  6430 | Bailey   | Identified the +0 ring mail "Isyn Ytt" {Will+}
  6498 | D:7      | Found a blossoming altar of Fedhas.
  6502 | D:7      | Found a stormy altar of Qazlal.
  6867 | D:8      | Noticed Psyche
  6877 | D:8      | Reached ***** piety under Trog
  6882 | D:8      | Killed Psyche
  6923 | D:8      | Reached skill level 5 in Evocations
  6998 | D:8      | Noticed Pikel
  7013 | D:8      | Killed Pikel
  7165 | D:8      | Reached skill level 12 in Polearms
  7167 | D:8      | Noticed a death yak
  7187 | D:8      | Killed a death yak
  7188 | D:8      | Reached XP level 11. HP: 38/68 MP: 11/11
  7305 | D:8      | Noticed a death yak
  7307 | D:8      | Noticed a death yak
  7307 | D:8      | Noticed a death yak
  7329 | D:8      | Killed a death yak
  7329 | D:8      | Received a gift from Trog
  7338 | D:8      | Killed a death yak
  7339 | D:8      | Reached skill level 5 in Dodging
  7341 | D:8      | Noticed a death yak
  7341 | D:8      | Killed a death yak
  7359 | D:8      | Killed a death yak
  7389 | D:8      | Found a staircase to the Lair.
  7399 | D:8      | Identified the amulet "Locyeloco" {Fragile rF+ rN+ Regen+}
  7704 | D:8      | Found a hazy altar of Hepliaklqana.
  7962 | D:9      | Found an iron altar of Okawaru.
  8030 | D:9      | Reached skill level 13 in Polearms
  8072 | D:9      | Found an opulent altar of Gozag.
  8496 | D:10     | Entered Level 10 of the Dungeon
  8754 | D:10     | Found an ancient bone altar of Kikubaaqudgha.
  8761 | D:10     | Found a sacrificial altar of Ru.
  8762 | D:10     | Found a white marble altar of Elyvilon.
  8764 | D:10     | Found a glowing golden altar of the Shining One.
  8825 | D:10     | Acquired a manual of Fighting
  8926 | D:11     | Noticed Snorg
  8927 | D:11     | Reached XP level 12. HP: 76/76 MP: 12/12
  8937 | D:11     | Killed Snorg
  8938 | D:11     | Reached skill level 10 in Armour
  9024 | D:11     | Reached skill level 10 in Fighting
  9213 | D:11     | Found Hesutid's Book Shop.
  9661 | D:11     | You are sucked into a shaft and drop 1 floor!
  9762 | D:12     | Noticed a death knight
  9767 | D:12     | Found a runed translucent gate.
  9767 | D:12     | Found a runed translucent gate.
  9768 | D:12     | Found a runed translucent gate.
  9768 | D:12     | Noticed a quicksilver ooze
  9768 | D:12     | Noticed an acid blob
  9768 | D:12     | Noticed an azure jelly
  9768 | D:12     | Noticed an azure jelly
  9768 | D:12     | Noticed an acid blob
  9768 | D:12     | Noticed a great orb of eyes
  9768 | D:12     | Noticed an azure jelly
  9768 | D:12     | Noticed NotreDorf's ghost (journeyman MfHW)
  9768 | D:12     | Noticed an acid blob
  9768 | D:12     | Noticed an azure jelly
  9768 | D:12     | Noticed an azure jelly
  9770 | D:12     | Noticed an acid blob
  9771 | D:12     | Noticed an azure jelly
  9774 | D:12     | Noticed an azure jelly
  9792 | D:12     | Noticed a centaur warrior
  9802 | D:12     | Killed a centaur warrior
  9848 | D:12     | Noticed Nessos
  9991 | D:12     | Found a gate leading to a gauntlet.
  9996 | Gauntlet | Entered a Gauntlet
  9996 | Gauntlet | Found a transporter.
  9996 | Gauntlet | Found a transporter.
 10000 | Gauntlet | Found a transporter.
 10007 | Gauntlet | Found a transporter.
 10013 | Gauntlet | Noticed a blizzard demon
 10025 | Gauntlet | Found a transporter.
 10035 | Gauntlet | Found a transporter.
 10074 | Gauntlet | Found a transporter.
 10093 | Gauntlet | Found a transporter.
 10097 | Gauntlet | Noticed a blizzard demon
 10101 | Gauntlet | Found a transporter.
 10117 | Gauntlet | Found a transporter.
 10193 | Gauntlet | Noticed a quicksilver ooze
 10204 | Gauntlet | Found a transporter.
 10205 | Gauntlet | Found a transporter.
 10216 | Gauntlet | Found a transporter.
 10217 | Gauntlet | Found a transporter.
 10219 | Gauntlet | Noticed a death yak
 10222 | Gauntlet | Noticed a death yak
 10222 | Gauntlet | Noticed a death yak
 10223 | Gauntlet | Noticed a death yak
 10225 | Gauntlet | Noticed a death yak
 10302 | Gauntlet | Found a transporter.
 10318 | Gauntlet | Found a transporter.
 10550 | Gauntlet | Killed a quicksilver ooze
 10555 | Gauntlet | Identified the +0 pair of gloves of Grace {Regen+ rCorr
                  | Slay-5 SInv}
 10695 | Gauntlet | Noticed a minotaur
 10706 | Gauntlet | Killed a minotaur
 10735 | Gauntlet | Identified the +0 acid dragon scales "Icelisodd" {rCorr
                  | Str+3 Stlth+}
 10768 | D:12     | Noticed a two-headed ogre
 10781 | D:12     | Killed a two-headed ogre
 10782 | D:12     | Received a gift from Trog
 10841 | D:12     | Killed Nessos
 11160 | D:12     | Noticed a death knight
 11162 | D:12     | Noticed a death knight
 11163 | D:12     | Found a white marble altar of Elyvilon.
 11163 | D:12     | Noticed an apis
 11171 | D:12     | Killed an apis
 11172 | D:12     | Reached XP level 13. HP: 87/87 MP: 13/13
 11211 | D:12     | Reached skill level 14 in Polearms
 11357 | D:12     | Slain by a death knight

Illustrated notes

Levels and vault maps discovered:
D:1:      sevenhm_arrival_forest_fort_large_2, layout_loops_ring, serial_shops,
          nicolae_shop_tiny_statue_garden
D:2:      layout_basic, minmay_quantized
D:3:      layout_rooms, uniq_natasha
D:4:      layout_basic, serial_shops, shop
D:5:      kennysheep_spiral_hall, layout_rooms,
          gammafunk_temple_overflow_statue, demons_altar, serial_shops,
          nicolae_diamond_shop, shop, uniq_prince_ribbit1, uniq_menkaure
D:6:      layout_basic, mainiacjoe_overflow_boulevard,
          minmay_temple_entry_nine_rooms
D:7:      layout_loops_ring, grunt_temple_overflow_forces_of_nature,
          enter_bailey_2
D:8:      layout_cave_pools, nzn_hepliaklqana_mist_gate, dpeg_lair_monsters,
          uniq_psyche, uniq_pikel
D:9:      layout_cave_pools, grunt_gozag_statues, pf_just_have_faith
D:10:     layout_rooms, minitemple
D:11:     layout_basic, serial_shops, shop, minmay_unpleasant_kobolds,
          uniq_snorg
D:12:     dreamdust_under_siege, layout_irregular_city, orc_0_dummy,
          gammafunk_ghost_ooze, gauntlet_entry_generic, uniq_nessos
Temple:   jpeg_temple_island

Skill      XL: |  1  2  3  4  5  6  7  8  9 10 11 12 13 |
---------------+----------------------------------------+-----
Dodging        | 2 3 4 5 6 |  6.0
Armour         | 3 4 5 6 8 9 11 | 11.7
Maces & Flails | 4 5 |  5.6
Fighting       | 4 5 7 9 12 13 | 13.0
Polearms       | 3 8 10 12 13 14 | 14.0
Evocations     | 4 5 6 7 |  7.1

Action                     |  1- 3 |  4- 6 |  7- 9 | 10-12 | 13-15 || total
---------------------------+-------+-------+-------+-------+-------++-------
  Melee: Mace              |    51 |       |       |       |       ||    51
         Whip              |   101 |   282 |    74 |       |       ||   457
         Punch             |       |     1 |     4 |       |       ||     5
         Trident           |       |       |   315 |       |       ||   315
         Glaive            |       |       |    16 |   553 |    39 ||   608
         Halberd           |       |       |     8 |       |       ||     8
         Unarmed           |       |       |       |     7 |       ||     7
  Throw: Dart              |       |     3 |     8 |     3 |     1 ||    15
 Invoke: Berserk           |       |     2 |     5 |    15 |     2 ||    24
         Trog's Hand       |       |       |       |     4 |     1 ||     5
  Evoke: Wand              |       |       |       |     2 |       ||     2
    Use: Scroll            |     3 |     4 |    10 |    13 |       ||    30
         Potion            |       |     2 |       |     2 |       ||     4
   Stab: Invisible         |       |       |     1 |    33 |     3 ||    37
         Paralysed         |       |       |       |     3 |       ||     3
 Armour: Animal skin       |    47 |       |       |       |       ||    47
         Ring mail         |    12 |    65 |       |       |       ||    77
         Scale mail        |       |    14 |       |       |       ||    14
         Plate armour      |       |    62 |   311 |   348 |    37 ||   758
         Skin              |       |       |       |     2 |       ||     2
  Dodge: Dodged            |   109 |   125 |   138 |   582 |    40 ||   994
